 Dungeon Crawl Stone Soup version 0.17.0-28-g6e173f8 (webtiles) character file.

477774 AAAAA the Eclecticist (level 23, -8/175 HPs)
             Began as a Mummy Wizard on Nov 24, 2015.
             Was the Champion of Vehumet.
             Splashed by a tengu reaver's acid (14 damage)
             ... on level 5 of the Depths on Nov 25, 2015.
             The game lasted 04:48:42 (98665 turns).

AAAAA the Eclecticist (Mummy Wizard)               Turns: 98665, Time: 04:48:42

Health: -8/175     AC: 19    Str: 10    XL:     23   Next: 65%
Magic:  0/51       EV: 14    Int: 27    God:    Vehumet [******]
Gold:   2030       SH:  8    Dex: 11    Spells: 9 memorised, 13 levels left

rFire  . . .     SeeInvis .     b - +9 demon trident (elec)
rCold  + + .     Clarity  +     o - +4 moon troll leather armour {Spirit, Regen++ MP+5}
rNeg   + + +     SustAt   .     L - +3 buckler {rC+ rF+}
rPois  ∞         Gourm    .     N - +2 hat {MR+}
rElec  .         Spirit   +     m - +2 cloak {MR+}
rCorr  .         Warding  .     g - +2 pair of gloves {archery}
rMut   .         Stasis   .     d - +2 pair of boots {run}
MR     ++++.                    x - amulet of clarity
Stlth  +++.......               k - +4 ring of slaying
                                T - +5 ring of slaying

@: about to teleport, very slightly contaminated, quick, incredibly resistant to
hostile enchantments, fairly stealthy
A: no food or potions, fire vulnerability, cold resistance 1, negative energy
resistance 3, torment resistance, unbreathing, in touch with death 1, restore
body
a: Self-Restoration, Renounce Religion
}: 2/15 runes: barnacled, gossamer


You were on level 5 of the Depths.
You worshipped Vehumet.
Vehumet was exalted by your worship.
You were not hungry.

You visited 9 branches of the dungeon, and saw 46 of its levels.
You visited 1 bazaar.
You also visited: Labyrinth, Ice Cave, Volcano and Wizlab.

You collected 5350 gold pieces.
You spent 3320 gold pieces at shops.

Inventory:

Hand Weapons
 b - a +9 demon trident of electrocution (weapon)
 t - a +9 demon trident of flaming
Missiles
 F - 13 throwing nets (quivered)
Armour
 d - a +2 pair of boots of running (worn)
 g - a +2 pair of gloves of archery (worn)
 m - a +2 cloak of magic resistance (worn)
 o - the +4 moon troll leather armour (worn) {Spirit, Regen++ MP+5}
   (You bought it in a shop in a bazaar)

   It affects your magic capacity (+5).
   It increases your rate of regeneration.
 L - a +3 buckler of resistance (worn)
 N - a +2 hat of magic resistance (worn)
Magical Staves
 a - an uncursed staff of conjuration
Jewellery
 c - an uncursed ring of protection from fire
 e - the ring of Existentialism {rPois MP+9 Dex+3}
   (You took it off a skeletal warrior on level 5 of the Depths)

   [ring of dexterity]

   It affects your dexterity (+3).
   It protects you from poison.
   It affects your magic capacity (+9).
 h - an uncursed ring of protection from cold
 j - an uncursed amulet of resist corrosion
 k - a +4 ring of slaying (right hand)
 n - the ring of Jossack {Wiz Dex+2}
   (You found it on level 4 of the Shoals)

   [ring of wizardry]

   It improves your spell success rate.
   It affects your dexterity (+2).
 q - an uncursed ring of fire
 x - an amulet of clarity (around neck)
 K - an uncursed ring of teleportation
 T - a +5 ring of slaying (left hand)
 U - an uncursed ring of sustain attributes
 Z - an uncursed ring of see invisible
Wands
 y - a wand of heal wounds (2)
 A - a wand of teleportation (4)
 C - a wand of digging (8)
 G - a wand of heal wounds (5)
 M - a wand of disintegration (13)
Scrolls
 f - 2 scrolls of vulnerability
 i - a scroll of holy word
 l - 27 scrolls of remove curse
 p - 14 scrolls of recharging
 r - 7 scrolls of immolation
 s - 5 scrolls of blinking
 u - 2 scrolls of magic mapping
 w - a scroll of amnesia
 D - 2 scrolls of silence
 I - 11 scrolls of fog
 P - 2 scrolls of summoning
 S - 10 scrolls of noise
 W - a scroll of enchant armour
Miscellaneous
 v - a phantom mirror
 J - a disc of storms
 V - a fan of gales
 Y - a sack of spiders {used: 1}


   Skills:
 - Level 13.0 Fighting
 - Level 14.0 Polearms
 - Level 6.7 Dodging
 - Level 7.0 Stealth
 - Level 6.0 Shields
 - Level 19.0 Spellcasting
 + Level 15.6 Conjurations
 - Level 11.0 Charms
   Level 0.7 Summonings
 - Level 0.7 Translocations
 + Level 15.5 Fire Magic
 - Level 5.8 Ice Magic
 - Level 2.1 Poison Magic


You had 13 spell levels left.
You knew the following spells:

 Your Spells              Type           Power        Failure   Level  Hunger
a - Bolt of Cold          Conj/Ice       ######....   1%          6    N/A
b - Blink                 Tloc           N/A          3%          2    N/A
c - Poison Arrow          Conj/Pois      ######....   3%          6    N/A
d - Orb of Destruction    Conj           #######...   1%          7    N/A
e - Haste                 Chrm           ######..     4%          6    N/A
f - Repel Missiles        Chrm/Air       ######       1%          2    N/A
g - Iron Shot             Conj/Erth      ######....   4%          6    N/A
h - Mephitic Cloud        Conj/Pois/Air  ######..     1%          3    N/A
i - Fire Storm            Conj/Fire      #######...   86%         9    N/A

Dungeon Overview and Level Annotations

Branches:
Dungeon (15/15)            Temple (1/1) D:6            Lair (8/8) D:10
 Shoals (4/4) Lair:5       Spider (4/4) Lair:3        Slime (0/6) Lair:6
    Orc (4/4) D:12            Elf (0/3) Orc:4        Vaults (4/5) D:14
  Crypt (0/3) Vaults:2     Depths (5/5) D:15           Hell (1/1)
    Dis: Hell:1         Geh: Hell:1         Coc: Hell:1         Tar: Hell:1
    Zot: Depths:5

Altars:
Ashenzari
Cheibriados
Dithmenos
Elyvilon
Fedhas
Gozag
Kikubaaqudgha
Makhleb
Nemelex Xobeh
Okawaru
Qazlal
Ru
Sif Muna
Trog
Vehumet
Xom
Yredelemnul
Zin
The Shining One
Beogh

Shops:
D:7 %   D:8 *   D:9 *   D:15 ?*   Orc:4 :((?   Shoals:3 [   Vaults:3 :
Vaults:4 %   Depths:1 (   Depths:5 [

Portals:
Hell: Depths:1 Depths:2 Depths:3 Depths:4
Abyss: Depths:2 Depths:4 Depths:5
Pandemonium: Depths:3
Ziggurat: Depths:5

Annotations:
D:4 Statics's ghost, amateur HOFi
Hell Geryon


Innate Abilities, Weirdness & Mutations

You do not eat or drink.
Your flesh is vulnerable to fire.
You are immune to poison.
Your flesh is cold resistant.
You are immune to negative energy.
You are immune to unholy pain and torment.
You can survive without breathing.
You are in touch with the powers of death.
You can restore your body by infusing magical energy.


Message History

Unknown command.
Evoke which item? (* to show all) (? for menu, Esc to quit)
Okay, then.
Casting: Blink
Confirm with . or Enter, or press ? or * to list all spells.
You blink.
A spriggan defender comes into view. It is wielding a lajatang of pain.
The spriggan defender shouts!
A spriggan defender comes into view. It is wielding a vampiric lajatang.
The spriggan defender shouts!
A spriggan defender comes into view. It is wielding a rapier of protection.
You block the spriggan rider's attack.
The stone giant throws a large rock.
The large rock hits you!
* * * LOW HITPOINT WARNING * * *
The spriggan berserker rages.
The tengu reaver casts a spell at you. The bolt of acid hits you!
* * * LOW HITPOINT WARNING * * *
The acid burns!
You die...

##.. ..D...##
'#.......#.....#'##..
.....#............#q.
..........#.......'.
......#...Q.......##
...Ci.i....#..#....###
#...i.C#.......#.....##
.......@.i............##
...i...(ip§../[.........
..........i...†.....≈≈≈.
......#'#'.i......#.≈≈≈.
.....##...##.......#.≈≈.
.#'## .....###'#....#...
#. (...(#..)##....#.. .
##%∩$##....'.......
######....#....%..


You could see a frost giant, a fire dragon (wandering), a stone giant, a tengu
reaver, a vault guard, 3 spriggan defenders, 3 spriggan riders, a spriggan
berserker (berserk) and a spriggan air mage.

Vanquished Creatures
  Mara (Depths:4)
  2 ancient liches (Depths:4)
  Sojobo (Depths:4)
  Margery (Depths:4)
  2 caustic shrikes (Depths:2)
  A golden dragon (Depths:2)
  Nikola (Shoals:3)
  Jory (Vaults:4)
  The ghost of Raultor the Slayer, an adept HOGl of Qazlal (Shoals:4)
  A Cloud Mage (WizLab)
  Rupert (D:15)
  3 tentacled monstrosities
  Asterion (Spider:4)
  3 deep elf blademasters (Depths:3)
  2 titans
  An octopode crusher (Depths:1)
  6 liches
  Gastronok (D:11)
  A kraken (Shoals:3)
  2 sphinxes
  An ancient champion (Depths:5)
  Kirke (Spider:1)
  3 shadow dragons
  Roxanne (Spider:4)
  Ilsuiw (Shoals:4)
  3 tengu reavers
  Donald (Shoals:1)
  4 vault wardens
  4 ghost moths (Spider:4)
  An orc warlord (Orc:2)
  10 fire giants
  Aizul (Vaults:1)
  A frost giant (shapeshifter) (Depths:5)
  A draconian scorcher (Depths:5)
  2 frost giants
  A balrug (Depths:2)
  9 emperor scorpions
  A ghoul (Vaults:2)
  A juggernaut zombie (Depths:4)
  The ghost of 4thArraOfDagon the Severer, a journeyman MiBe of Trog (Shoals:4)
  12 stone giants
  9 ironheart preservers
  A deep elf demonologist (Depths:5)
  8 very ugly things
  A salamander stormcaller (Vaults:2)
  A white draconian (IceCv)
  3 deep elf annihilators
  A vampire knight (Depths:5)
  15 ettins
  12 merfolk javelineers
  Snorg (D:10)
  2 deep elf death magi
  15 merfolk impalers
  A deep elf high priest (Depths:5)
  A quicksilver dragon zombie (Depths:2)
  8 vault guards
  An eidolon (Vaults:1)
  Josephine (Lair:4)
  A minotaur (Lab)
  5 fire dragons
  The ghost of radek the Geomancer, a journeyman GrEE of Vehumet (Lair:2)
  11 yaktaur captains
  4 rakshasas (Depths:1)
  5 entropy weavers
  4 ice dragons
  5 great orbs of eyes
  11 centaur warriors
  5 spriggan air magi
  13 hydras
  6 alligator snapping turtles
  5 merfolk avatars
  A ghost crab (shapeshifter) (Vaults:3)
  25 ogre magi
  10 death yaks
  6 satyrs
  8 deep troll shamans
  7 merfolk aquamancers
  A queen ant (shapeshifter) (Depths:1)
  The ghost of Nicoed the Changer, a novice DrTm of Cheibriados (D:9)
  6 deep troll earth magi
  Urug (D:10)
  4 orc high priests
  A fire crab (Vaults:1)
  A naga sharpshooter (Depths:5)
  4 tengu warriors
  2 sun demons (Depths:2)
  Sonja (Lair:1)
  A spriggan berserker (Depths:2)
  4 vampire magi
  2 deep elf knights (Vaults:3)
  A shadow wraith (Vaults:4)
  3 skeletal warriors (Depths:5)
  6 sea snakes
  3 anubis guards (shapeshifter)
  4 giant orange brains
  An iron troll (Depths:2)
  14 hell knights
  18 deep trolls
  A deep elf summoner (Vaults:3)
  24 harpies
  9 ironbrand convokers
  2 wolf spider zombies (D:15)
  22 orb spiders
  Pikel (D:5)
  A golden dragon skeleton (Depths:4)
  A harpy (shapeshifter) (Depths:5)
  2 phantasmal warriors
  4 flayed ghosts
  A lindwurm (Lair:7)
  A hill giant (shapeshifter) (Depths:3)
  24 fauns
  13 hill giants
  58 ugly things
  8 hornets
  24 griffons
  9 wizards
  10 cyclopes
  18 orc knights
  4 deep elf conjurers
  3 unseen horrors
  26 wolf spiders
  8 necromancers
  13 manticores
  7 orc sorcerers
  A black mamba (shapeshifter) (D:14)
  A guardian serpent (shapeshifter) (Vaults:1)
  4 black mambas
  10 elephants
  14 sirens
  2 moths of wrath (Spider:4)
  2 torpor snails
  2 ice statues
  6 water nymphs
  11 vault sentinels
  3 gargoyles
  5 spectral swamp worms (Depths:1)
  A kobold demonologist (Vaults:1)
  2 komodo dragons (shapeshifter)
  27 spiny frogs
  10 fire drakes
  13 komodo dragons
  An efreet (D:12)
  4 tengu conjurers
  42 yaktaurs
  5 deep elf priests
  8 demonic crawlers
  A merfolk (shapeshifter) (D:10)
  20 jumping spiders
  2 minotaur zombies (Lab)
  A polar bear (shapeshifter) (D:15)
  5 trolls
  40 merfolk
  20 polar bears
  2 queen bees (shapeshifter)
  34 slime creatures
  14 wind drakes
  A giant leech (shapeshifter) (Depths:1)
  A wind drake (shapeshifter) (Depths:4)
  2 freezing wraiths
  22 two-headed ogres
  21 blink frogs
  4 boulder beetles
  39 air elementals
  18 snapping turtles
  43 redbacks
  A vampire (D:14)
  2 yaks (shapeshifter) (Vaults:1)
  6 deep elf magi
  20 vampire mosquitoes
  22 tarantellas
  9 wyverns
  2 centaur simulacra
  5 basilisks
  A tarantella (shapeshifter) (Depths:3)
  5 wraiths
  29 trapdoor spiders
  3 shadows
  8 fire bats (Volcano)
  7 hogs (Lair:3)
  14 water elementals
  A hog (shapeshifter) (Depths:5)
  80 yaks
  5 wargs
  12 deep elf fighters
  18 hippogriffs
  A steam dragon (D:12)
  A yaktaur simulacrum (Vaults:2)
  31 wolves
  5 hungry ghosts
  6 insubstantial wisps (WizLab)
  A mottled dragon (Vaults:2)
  17 water moccasins
  2 soldier ants (D:13)
  12 porcupines
  7 ice beasts
  4 black bears
  59 orc warriors
  7 hell hounds (D:12)
  5 sky beasts
  23 spiders
  A slave (D:5)
  3 wasps
  2 human skeletons (Vaults:2)
  An ettin simulacrum (Depths:2)
  11 boggarts
  7 necrophages
  65 ogres
  23 crocodiles
  An orc skeleton (Vaults:2)
  An elf simulacrum (Depths:4)
  2 phantoms
  7 big kobolds
  26 centaurs
  2 wyvern zombies
  A glowing shapeshifter simulacrum (Depths:2)
  34 giant frogs
  A gnoll sergeant (D:12)
  A scorpion (shapeshifter) (Depths:4)
  4 scorpions
  A water moccasin skeleton (D:6)
  10 wights
  2 wyvern skeletons
  An orc simulacrum (Vaults:2)
  An elf skeleton (Vaults:2)
  5 electric eels
  6 killer bees (D:11)
  7 crimson imps
  2 lava snakes (Volcano)
  A quasit (D:11)
  3 giant frog zombies
  4 centaur skeletons
  7 hounds
  3 centaur zombies
  5 jellies
  38 orc wizards
  2 giant frog skeletons
  7 iguanas
  34 orc priests
  Natasha (thrice) (D:3)
  A gnoll shaman (D:8)
  2 hell rats
  16 worker ants
  20 sheep
  3 hound skeletons
  75 river rats
  18 adders
  2 worker ant zombies
  21 gnolls
  6 shadow imps
  A giant eyeball (Depths:5)
  A white imp (Depths:3)
  An ooze (D:6)
  An adder skeleton (D:4)
  An adder zombie (D:7)
  3 worms
  10 giant geckos
  213 orcs
  A ball python (D:2)
  10 bats
  5 giant cockroaches
  6 hobgoblins
  8 giant newts
  14 goblins
  12 jackals
  A jackal zombie (D:6)
  28 kobolds
  5 quokkas
  A quokka zombie (D:7)
  7 rats
  3 fungi
  A plant (Shoals:1)
  A tentacle (Shoals:3)
  A tentacle segment (Shoals:3)
2409 creatures vanquished.

Vanquished Creatures (collateral kills)
  Grinder (D:3)
  Terence (D:1)
2 creatures vanquished.

Vanquished Creatures (others)
  A tengu reaver (Depths:4)
  A deep elf knight (Vaults:4)
  2 hill giants (D:14)
  A harpy (Depths:5)
  A killer bee (D:14)
  An orc wizard (D:5)
  A giant newt (D:5)
  10 fungi
  35 plants
  7 tentacles (Shoals:3)
  108 tentacle segments (Shoals:3)
168 creatures vanquished.

Grand Total: 2579 creatures vanquished

Notes
Turn   | Place    | Note
--------------------------------------------------------------
     0 | D:1      | AAAAA the Mummy Wizard began the quest for the Orb.
     0 | D:1      | Reached XP level 1. HP: 13/13 MP: 4/4
    92 | D:1      | Reached skill level 1 in Conjurations
   322 | D:1      | Reached XP level 2. HP: 19/19 MP: 3/6
   353 | D:1      | Learned a level 2 spell: Blink
   356 | D:1      | Learned a level 2 spell: Call Imp
   359 | D:1      | Learned a level 2 spell: Slow
  1234 | D:1      | Reached XP level 3. HP: 24/24 MP: 5/7
  1474 | D:2      | Noticed Terence
  1500 | D:1      | Killed Terence
  1744 | D:2      | Reached XP level 4. HP: 30/30 MP: 1/9
  2200 | D:2      | Reached skill level 4 in Spellcasting
  2559 | D:2      | Learned a level 3 spell: Conjure Flame
  2844 | D:3      | Found a snail-covered altar of Cheibriados.
  2872 | D:3      | Found a burning altar of Makhleb.
  3369 | D:3      | Noticed Natasha
  3384 | D:3      | Killed Natasha
  3384 | D:3      | Reached XP level 5. HP: 35/35 MP: 5/11
  3507 | D:3      | Noticed Grinder
  3541 | D:3      | Killed Grinder
  3541 | D:3      | Reached XP level 6. HP: 32/41 MP: 2/13
  3577 | D:3      | Reached skill level 5 in Spellcasting
  4033 | D:4      | Noticed Statics's ghost (amateur HOFi)
  4271 | D:4      | Found a shimmering altar of Xom.
  4503 | D:5      | Entered Level 5 of the Dungeon
  4620 | D:5      | Noticed a hill giant
  4644 | D:5      | Found a stormy altar of Qazlal.
  4644 | D:5      | Found an opulent altar of Gozag.
  4649 | D:5      | Found an ancient bone altar of Kikubaaqudgha.
  4649 | D:5      | Found a blossoming altar of Fedhas.
  5588 | D:4      | Reached XP level 7. HP: 46/46 MP: 3/15
  5672 | D:5      | Found a bloodstained altar of Trog.
  6025 | D:3      | Noticed Natasha
  6031 | D:3      | Killed Natasha
  6053 | D:3      | Noticed Natasha
  6054 | D:3      | Killed Natasha
  6244 | D:5      | Reached skill level 6 in Spellcasting
  6388 | D:5      | Reached skill level 5 in Conjurations
  6672 | D:5      | Killed a hill giant
  6672 | D:5      | Reached skill level 7 in Spellcasting
  6672 | D:5      | Reached XP level 8. HP: 52/52 MP: 3/18
  7007 | D:5      | Learned a level 3 spell: Mephitic Cloud
  7019 | D:5      | Noticed Pikel
  7033 | D:5      | Killed Pikel
  7033 | D:5      | Reached skill level 8 in Spellcasting
  7535 | D:5      | Reached XP level 9. HP: 55/57 MP: 5/21
  7689 | D:6      | Reached skill level 1 in Poison Magic
  8272 | D:6      | Found a staircase to the Ecumenical Temple.
  8283 | Temple   | Entered the Ecumenical Temple
  8386 | Temple   | Became a worshipper of Vehumet
  8578 | D:6      | Found an iron altar of Okawaru.
  9140 | D:6      | Reached skill level 9 in Spellcasting
  9531 | D:7      | Found Egecad's Food Boutique.
  9577 | D:7      | Reached * piety under Vehumet
  9577 | D:7      | Offered knowledge of Flame Tongue by Vehumet.
  9590 | D:7      | Learned a level 1 spell: Flame Tongue
  9701 | D:7      | Learned a level 2 spell: Repel Missiles
 10492 | D:8      | Reached XP level 10. HP: 47/63 MP: 13/23
 10681 | D:8      | Reached skill level 1 in Fire Magic
 10865 | D:8      | Reached ** piety under Vehumet
 10872 | D:8      | Offered knowledge of Sting by Vehumet.
 10879 | D:8      | Learned a level 1 spell: Sting
 10982 | D:8      | Found a sacrificial altar of Ru.
 11231 | D:8      | Found Keowebumo's Assorted Antiques.
 11244 | D:8      | Bought a glowing cloak for 108 gold pieces
 11255 | D:8      | Bought a scroll labeled USAQUC DYSYKLU for 24 gold pieces
 11255 | D:8      | Bought a scroll labeled TUNOFUKHLEI for 24 gold pieces
 11471 | D:9      | Found Zin's Purification Station.
 11472 | D:9      | Found a glowing silver altar of Zin.
 11561 | D:9      | Reached skill level 10 in Spellcasting
 11645 | D:9      | Offered knowledge of Stone Arrow by Vehumet.
 11707 | D:9      | Noticed a three-headed hydra
 11724 | D:9      | Killed a three-headed hydra
 12289 | D:9      | Found a white marble altar of Elyvilon.
 12342 | D:9      | Noticed Nicoed's ghost (novice DrTm)
 12366 | D:9      | Killed Nicoed's ghost
 12416 | D:9      | Found a basalt altar of Yredelemnul.
 12548 | D:9      | Reached *** piety under Vehumet
 12736 | D:10     | Entered Level 10 of the Dungeon
 12815 | D:9      | Reached skill level 11 in Spellcasting
 13121 | D:10     | Noticed a hill giant
 13153 | D:10     | Killed a hill giant
 13153 | D:10     | Reached XP level 11. HP: 68/68 MP: 8/26
 13336 | D:10     | Reached skill level 10 in Conjurations
 13530 | D:10     | Learned a level 3 spell: Stone Arrow
 13741 | D:10     | Found a staircase to the Lair.
 14038 | D:10     | Noticed a hill giant
 14070 | D:10     | Killed a hill giant
 14283 | D:10     | Noticed Snorg
 14752 | D:11     | Noticed Urug
 14753 | D:11     | Noticed Gastronok
 14826 | D:11     | Offered knowledge of Dazzling Spray by Vehumet.
 14831 | D:11     | Noticed a hill giant
 14887 | D:11     | Noticed a hill giant
 14916 | D:11     | Killed a hill giant
 15252 | D:11     | Found a frozen archway.
 15378 | IceCv    | Entered an ice cave
 15826 | IceCv    | Reached **** piety under Vehumet
 15843 | IceCv    | Reached skill level 12 in Spellcasting
 17494 | IceCv    | Reached XP level 12. HP: 74/74 MP: 23/28
 18345 | IceCv    | Offered knowledge of Inner Flame by Vehumet.
 18521 | IceCv    | Noticed a white draconian
 19174 | IceCv    | Reached skill level 13 in Spellcasting
 19447 | IceCv    | Killed a white draconian
 19586 | IceCv    | Identified Diskeam's Compendium of the Damaging Snowflakes
 19594 | IceCv    | Learned a level 6 spell: Bolt of Cold
 19773 | D:11     | Reached skill level 1 in Ice Magic
 21102 | D:11     | Killed a hill giant
 21538 | D:11     | Killed Gastronok
 21538 | D:11     | Reached skill level 5 in Ice Magic
 22436 | D:10     | Killed Urug
 23040 | D:11     | Gained mutation: You are in touch with the powers of death. [Mummy growth]
 23040 | D:11     | Gained mutation: You can restore your body by infusing magical energy. [Mummy growth]
 23040 | D:11     | Reached XP level 13. HP: 79/79 MP: 10/30
 23679 | D:12     | Reached ***** piety under Vehumet
 23893 | D:12     | Offered knowledge of Lightning Bolt by Vehumet.
 24277 | D:12     | Found a staircase to the Orcish Mines.
 26552 | D:12     | Reached skill level 14 in Spellcasting
 27209 | D:12     | Reached skill level 1 in Fighting
 28434 | D:12     | Reached skill level 5 in Fighting
 29110 | Orc:1    | Entered Level 1 of the Orcish Mines
 30891 | Orc:2    | Noticed an orc warlord
 31458 | Orc:1    | Found a roughly hewn altar of Beogh.
 32264 | Orc:3    | Offered knowledge of Iskenderun's Battlesphere by Vehumet.
 32975 | Orc:2    | Killed an orc warlord
 33312 | Orc:2    | Found a roughly hewn altar of Beogh.
 33704 | Orc:2    | Reached XP level 14. HP: 83/103 MP: 9/32
 34334 | Orc:3    | Learned a level 5 spell: Iskenderun's Battlesphere
 34528 | Orc:3    | Noticed a stone giant
 34832 | Orc:3    | Killed a stone giant
 35367 | D:10     | Offered knowledge of Ozocubu's Refrigeration by Vehumet.
 35553 | Lair:1   | Entered Level 1 of the Lair of Beasts
 35601 | Lair:1   | Got a brightly glowing leather armour
 35612 | Lair:1   | Identified the +6 leather armour of Bedevilment {rN+} (You found it on level 1 of the Lair of Beasts)
 35639 | Lair:1   | Noticed Sonja
 35642 | Lair:1   | Killed Sonja
 35833 | Lair:1   | Reached skill level 5 in Dodging
 37132 | Lair:2   | Identified the Incunabulum of the Birds
 37543 | Lair:2   | Noticed radek's ghost (journeyman GrEE)
 37545 | Lair:2   | Killed radek's ghost
 37943 | Lair:3   | Identified a scroll of acquirement
 37983 | Lair:3   | Identified a +2 pair of boots of running (You acquired it on level 3 of the Lair of Beasts)
 38346 | Lair:3   | Offered knowledge of Iron Shot by Vehumet.
 38522 | Lair:3   | Found a hole to the Spider Nest.
 39335 | Lair:4   | Learned a level 6 spell: Iron Shot
 39388 | Lair:4   | Found a sparkling altar of Nemelex Xobeh.
 39390 | Lair:4   | Noticed Josephine
 39400 | Lair:4   | Killed Josephine
 40198 | Lair:5   | Got a tattered robe
 40209 | Lair:5   | Identified the +2 robe of Disaster {*Corrode +Fly rElec Dex+3} (You found it on level 5 of the Lair of Beasts)
 40238 | Lair:5   | You fall through a shaft!
 40597 | Lair:5   | Reached ****** piety under Vehumet
 41417 | Lair:5   | Found a staircase to the Shoals.
 41769 | Lair:6   | Reached XP level 15. HP: 101/110 MP: 15/33
 41964 | Lair:6   | Reached skill level 15 in Spellcasting
 42053 | Lair:6   | Found a staircase to the Slime Pits.
 42536 | Lair:7   | Offered knowledge of Orb of Destruction by Vehumet.
 42554 | Lair:7   | Learned a level 7 spell: Orb of Destruction
 43286 | Lair:7   | Reached skill level 1 in Polearms
 44056 | Lair:8   | Entered Level 8 of the Lair of Beasts
 44080 | Lair:7   | Reached skill level 5 in Polearms
 44518 | Lair:8   | Offered knowledge of Poison Arrow by Vehumet.
 45167 | Lair:8   | Learned a level 6 spell: Poison Arrow
 45293 | Lair:8   | Reached skill level 16 in Spellcasting
 45969 | D:10     | Killed Snorg
 46162 | D:13     | Found a labyrinth entrance.
 46170 | Lab      | Entered a labyrinth
 46384 | D:13     | Offered knowledge of Conjure Ball Lightning by Vehumet.
 46406 | D:13     | Reached XP level 16. HP: 108/117 MP: 36/36
 46497 | D:13     | Found a blossoming altar of Fedhas.
 46959 | D:14     | Found a gate to the Vaults.
 47789 | D:14     | Identified the Volume of Poison
 48559 | D:15     | Entered Level 15 of the Dungeon
 48685 | D:15     | Found Gozag's Platinum Reserve.
 48687 | D:15     | Found an opulent altar of Gozag.
 48696 | D:15     | Noticed Rupert
 48729 | D:15     | Found Limnyupt's Magic Scroll Boutique.
 49062 | D:15     | Reached skill level 5 in Stealth
 49122 | D:15     | Killed Rupert
 49346 | D:15     | Offered knowledge of Fire Storm by Vehumet.
 49346 | D:15     | Offered knowledge of Glaciate by Vehumet.
 49346 | D:15     | Offered knowledge of Shatter by Vehumet.
 50513 | D:15     | Found a staircase to the Depths.
 50726 | Orc:4    | Entered Level 4 of the Orcish Mines
 50744 | Orc:4    | Found a roughly hewn altar of Beogh.
 50834 | Orc:4    | Found a dark tunnel.
 50842 | Volcano  | Entered a volcano
 51071 | Volcano  | Found a burning altar of Makhleb.
 51086 | Volcano  | Reached skill level 10 in Polearms
 51117 | Volcano  | Found a burning altar of Makhleb.
 51350 | Orc:4    | Found a roughly hewn altar of Beogh.
 51444 | Orc:4    | Found a staircase to the Elven Halls.
 51554 | Orc:4    | Found Kiomaf's Magic Scroll Boutique.
 51854 | Orc:4    | Reached XP level 17. HP: 116/122 MP: 2/37
 52020 | Orc:4    | Found Lysipn's Book Boutique.
 52021 | Orc:4    | Found Cocsarhe's Antique Weapon Shoppe.
 52021 | Orc:4    | Found Ateematz's Antique Weapon Shoppe.
 52073 | Orc:4    | Bought a scroll of acquirement for 884 gold pieces
 52122 | Orc:4    | Bought a book of Enchantments for 500 gold pieces
 52134 | Orc:4    | Learned a level 6 spell: Haste
 52726 | Shoals:1 | Entered Level 1 of the Shoals
 52730 | Shoals:1 | Reached skill level 1 in Shields
 52901 | Shoals:1 | Noticed Donald
 52910 | Shoals:1 | Killed Donald
 53575 | Shoals:1 | Reached skill level 5 in Shields
 55696 | Shoals:2 | Reached skill level 10 in Fighting
 56035 | Shoals:2 | Got a scorched leather armour
 56036 | Shoals:2 | Identified the cursed +1 leather armour of Rationality {rElec} (You took it off a merfolk on level 2 of the Shoals)
 56858 | Shoals:3 | Noticed Nikola
 56897 | Shoals:3 | Killed Nikola
 57617 | Shoals:3 | Found Tuleluz's Antique Armour Shoppe.
 57747 | Shoals:3 | Bought an embroidered robe for 25 gold pieces
 57771 | Shoals:3 | Bought a faintly glowing leather armour for 259 gold pieces
 57771 | Shoals:3 | Identified the +1 leather armour of Slovenliness {+Blink rElec Int-5 Slay+6} (You bought it in a shop on level 3 of the Shoals)
 58094 | Shoals:4 | Entered Level 4 of the Shoals
 58220 | Shoals:4 | Noticed Raultor's ghost (adept HOGl)
 58243 | Shoals:4 | Noticed 4thArraOfDagon's ghost (journeyman MiBe)
 58301 | Shoals:4 | Reached XP level 18. HP: 61/141 MP: 11/38
 60433 | Shoals:4 | Noticed Ilsuiw
 60739 | Shoals:4 | Killed Ilsuiw
 62140 | Shoals:4 | Got a slimy flail {freeze}
 62141 | Shoals:4 | Identified the cursed +0 flail of Watchfulness {freeze, *Corrode Dex+6} (You took it off a merfolk impaler on level 4 of the Shoals)
 62198 | Shoals:4 | HP: 5/143 [Raultor's ghost (5)]
 64123 | Shoals:4 | Got a dazzling mace {speed}
 64124 | Shoals:4 | Identified the +5 mace of the Spectre {speed, rN+} (You took it off a merfolk on level 4 of the Shoals)
 64667 | Shoals:4 | Got a scintillating steel ring
 64669 | Shoals:4 | Identified the ring of Jossack {Wiz Dex+2} (You found it on level 4 of the Shoals)
 64861 | Shoals:4 | Killed Raultor's ghost
 64980 | Shoals:4 | Killed 4thArraOfDagon's ghost
 65293 | Shoals:4 | Got a barnacled rune of Zot
 65643 | Shoals:4 | Got a scorched whip {pain}
 65644 | Shoals:4 | Identified the +6 whip of Honesty {pain, Str+2} (You took it off a merfolk javelineer on level 4 of the Shoals)
 65885 | Spider:1 | Entered Level 1 of the Spider Nest
 65889 | Spider:1 | Noticed Kirke
 66695 | Spider:1 | Killed Kirke
 68775 | Spider:3 | Reached XP level 19. HP: 149/149 MP: 39/39
 69868 | Spider:3 | Reached skill level 1 in Charms
 70170 | Spider:4 | Entered Level 4 of the Spider Nest
 70554 | Spider:4 | Noticed Roxanne
 70984 | Spider:4 | Killed Roxanne
 71069 | Spider:4 | Identified Roxanne's Catalogue of Earthen Transformation (You took it off Roxanne on level 4 of the Spider Nest)
 71581 | Spider:4 | Noticed Asterion
 71588 | Spider:4 | Killed Asterion
 72368 | Spider:4 | Got a faintly glowing leather armour
 72369 | Spider:4 | Identified the cursed +1 leather armour of Coul {rPois MR+ rCorr Dex-4} (You found it on level 4 of the Spider Nest)
 73804 | Spider:4 | Reached skill level 5 in Charms
 74324 | Spider:4 | Got a gossamer rune of Zot
 75038 | Vaults:1 | Entered Level 1 of the Vaults
 75178 | Vaults:1 | Reached skill level 17 in Spellcasting
 75307 | Vaults:1 | Found a flickering gateway to a bazaar.
 75336 | Bazaar   | Entered a bazaar
 75336 | Bazaar   | Found Buiryh's Jewellery Emporium.
 75343 | Bazaar   | Found Xaublas's Antique Armour Shop.
 75351 | Bazaar   | Found Reatwey's Magic Scroll Shop.
 75362 | Bazaar   | Found Tomorrie's General Store.
 75379 | Bazaar   | Found Feet's Antique Weapon Boutique.
 75484 | Bazaar   | Bought an embroidered cloak for 94 gold pieces
 75556 | Bazaar   | Bought the +4 moon troll leather armour {Spirit, Regen++ MP+5} for 924 gold pieces
 75604 | Bazaar   | Bought a scroll of amnesia for 42 gold pieces
 75604 | Bazaar   | Bought a scroll of recharging for 114 gold pieces
 75616 | Bazaar   | Bought a scroll of blinking for 142 gold pieces
 75616 | Bazaar   | Bought a scroll of enchant weapon for 142 gold pieces
 75616 | Bazaar   | Bought a scroll of fog for 38 gold pieces
 77422 | Vaults:1 | Reached XP level 20. HP: 156/156 MP: 19/41
 78105 | Vaults:1 | Noticed Aizul
 78117 | Vaults:1 | Killed Aizul
 79875 | Vaults:2 | Reached skill level 18 in Spellcasting
 80005 | Vaults:2 | Found a staircase to the Crypt.
 82466 | Vaults:3 | Found Feraeloz's Book Emporium.
 83055 | Vaults:3 | Reached skill level 10 in Charms
 83222 | Vaults:4 | Found Zouw's Food Boutique.
 84064 | Vaults:4 | Noticed Jory
 84107 | Vaults:4 | Killed Jory
 84107 | Vaults:4 | Reached XP level 21. HP: 159/162 MP: 10/43
 85462 | Vaults:4 | Reached skill level 19 in Spellcasting
 85652 | Vaults:3 | Learned a level 9 spell: Fire Storm
 85962 | Depths:1 | Entered Level 1 of the Depths
 85962 | Depths:1 | Found Taghahun's Weapon Emporium.
 86301 | Depths:1 | Found a gateway to Hell.
 86464 | Depths:1 | Reached skill level 5 in Fire Magic
 88328 | Depths:1 | Got a transparent jade ring
 88329 | Depths:1 | Identified the ring of Pahaaski {rF- rC+ rN+ Slay+3} (You found it on level 1 of the Depths)
 88894 | Hell     | Entered the Vestibule of Hell
 88903 | Hell     | Noticed Geryon
 89659 | Depths:2 | Found a one-way gate to the infinite horrors of the Abyss.
 90011 | Depths:2 | Reached skill level 10 in Fire Magic
 90122 | Depths:2 | Noticed a caustic shrike
 90129 | Depths:2 | Killed a caustic shrike
 90490 | Depths:2 | Noticed a caustic shrike
 90498 | Depths:2 | Killed a caustic shrike
 90498 | Depths:2 | Reached XP level 22. HP: 110/169 MP: 23/45
 91781 | Depths:3 | Found a one-way gate leading to the halls of Pandemonium.
 92503 | Depths:3 | Got a scorched quarterstaff
 92506 | Depths:3 | Got a scorched falchion
 92507 | Depths:3 | Identified the +4 falchion of Vounudgh {freeze, Str+4} (You found it on level 3 of the Depths)
 92508 | Depths:3 | Identified the +5 quarterstaff "Uhohab" {freeze, rC+} (You found it on level 3 of the Depths)
 93015 | Depths:3 | Got a translucent platinum amulet
 93016 | Depths:3 | Identified the amulet of Daisies {Spirit +Inv Int+3 Dex+2 Slay-5} (You found it on level 3 of the Depths)
 93868 | Depths:4 | Noticed Margery
 93944 | Depths:4 | Found a magical portal.
 93999 | WizLab   | Entered The Chambers of Gouf the Cloud Mage
 94607 | WizLab   | Identified the Volume of Harmful Air
 94610 | WizLab   | Identified the Reference Book on Harmful Air
 95165 | Depths:4 | Noticed Sojobo
 95539 | Depths:4 | Killed Sojobo
 95539 | Depths:4 | Reached XP level 23. HP: 175/175 MP: 10/46
 95794 | Depths:4 | Found a deep blue altar of Sif Muna.
 96350 | Depths:4 | Noticed an ancient lich
 96494 | Depths:4 | Noticed an ancient lich
 96499 | Depths:4 | Killed an ancient lich
 96605 | Depths:4 | Noticed Mara
 96623 | Depths:4 | Killed an ancient lich
 96625 | Depths:4 | Noticed AAAAA's illusion
 96627 | Depths:4 | Killed Mara
 96627 | Depths:4 | Reached skill level 15 in Conjurations
 96627 | Depths:4 | Reached skill level 15 in Fire Magic
 96800 | Depths:4 | Killed Margery
 96999 | Depths:4 | Got an iridescent spear {pierce}
 97000 | Depths:4 | Identified the cursed +1 spear of Veppam {pierce, +Fly Str+4} (You took it off an ogre mage on level 4 of the Depths)
 97175 | Depths:4 | Identified the Guide on the Excruciating Blaze
 97186 | Depths:4 | Identified the Guide on Feathers
 97291 | Depths:5 | Entered Level 5 of the Depths
 97856 | Depths:5 | Got a pitted bronze ring
 98129 | Depths:5 | Found Asoel's Antique Armour Boutique.
 98147 | Depths:5 | Found a gateway to a ziggurat.
 98347 | Depths:5 | Identified the ring of Existentialism {rPois MP+9 Dex+3} (You took it off a skeletal warrior on level 5 of the Depths)
 98665 | Depths:5 | HP: 6/175 [tengu reaver/bolt of acid (38)]
 98665 | Depths:5 | Splashed by a tengu reaver's acid

Action                   |  1- 3 |  4- 6 |  7- 9 | 10-12 | 13-15 | 16-18 | 19-21 | 22-24 || total
-------------------------+-------+-------+-------+-------+-------+-------+-------+-------++-------
Melee: Dagger            |    38 |    83 |     1 |       |       |       |       |       ||   122
       Flail             |       |       |   221 |   199 |   166 |       |       |       ||   586
       Whip              |       |       |       |     7 |     5 |       |       |       ||    12
       Demon trident     |       |       |       |       |   563 |   652 |   276 |   422 ||  1913
       Staff             |       |       |       |       |       |       |   179 |    38 ||   217
 Fire: Blowgun           |       |       |     7 |    30 |    12 |       |       |       ||    49
Throw: Throwing net      |       |       |     1 |       |       |       |       |       ||     1
 Cast: Magic Dart        |    58 |   169 |   151 |       |       |       |       |       ||   378
       Call Imp          |     4 |     5 |       |       |       |       |       |       ||     9
       Blink             |     1 |    12 |    10 |    37 |    72 |    35 |    35 |    12 ||   214
       Conjure Flame     |       |    16 |    32 |    75 |    10 |       |       |       ||   133
       Slow              |       |     3 |       |       |       |       |       |       ||     3
       Mephitic Cloud    |       |       |    35 |    11 |     9 |     8 |     8 |     3 ||    74
       Flame Tongue      |       |       |    57 |   226 |       |       |       |       ||   283
       Repel Missiles    |       |       |     1 |     4 |     4 |    18 |     7 |       ||    34
       Sting             |       |       |       |    86 |       |       |       |       ||    86
       Stone Arrow       |       |       |       |   262 |    62 |       |       |       ||   324
       Bolt of Cold      |       |       |       |    63 |   496 |   136 |   398 |   120 ||  1213
       Iskenderun's Batt |       |       |       |       |    34 |     2 |       |       ||    36
       Orb of Destructio |       |       |       |       |    27 |    78 |   120 |    60 ||   285
       Poison Arrow      |       |       |       |       |       |   393 |   516 |   173 ||  1082
       Haste             |       |       |       |       |       |       |    12 |    17 ||    29
       Iron Shot         |       |       |       |       |       |       |     1 |     1 ||     2
Evoke: Wand              |       |       |       |     9 |     1 |     6 |     1 |     5 ||    22
       Sack of spiders   |       |       |       |       |       |     1 |       |       ||     1
  Use: Scroll            |       |     7 |     7 |     8 |    23 |    21 |    21 |    12 ||    99
 Stab: Distracted        |     1 |       |       |       |       |       |       |     1 ||     2
       Sleeping          |     4 |       |       |       |     5 |    12 |       |     2 ||    23
       Confused          |       |       |     3 |       |     1 |     3 |       |     1 ||     8
